 Dungeon Crawl Stone Soup version bcrawl-1.15.1 (webtiles) character file.

Game seed: 17855353809118800338

4771 aidenn the Protected (level 10, -1/132 HPs)
             Began as a Hill Orc Fighter on Sept 27, 2019.
             Was a Follower of Beogh.
             Slain by a five-headed hydra (7 damage)
             ... on level 7 of the Dungeon.
             The game lasted 00:31:56 (10181 turns).

aidenn the Protected (Hill Orc Fighter)            Turns: 10181, Time: 00:31:56

Health: -1/132     AC: 11    Str: 25    XL:     10   Next: 47%
Magic:  10/10      EV: 14    Int: 11    God:    Beogh [*.....]
Gold:   573        SH: 12    Dex: 10    Spells: 9/9 levels left

rFire    + . .     SeeInvis .   c - +0 morningstar
rCold    . . .     Gourm    .   g - +0 shield
rNeg     . . .     Faith    .   m - +0 scale mail {rF+}
rPois    .         Spirit   .   w - +1 helmet
rElec    .         Reflect  .   (no cloak)
rCorr    .         Harm     .   (no gloves)
MR       .....                  (no boots)
Stlth    ..........             (no amulet)
HPRegen  0.32/turn              F - +4 ring of evasion
MPRegen  0.12/turn              d - +2 ring of slaying

@: berserking, very quick
A: no striking features
a: Renounce Religion


You were on level 7 of the Dungeon.
You worshipped Beogh.
Beogh was aware of your devotion.
You were hungry.

You visited 3 branches of the dungeon, and saw 9 of its levels.

You collected 573 gold pieces.

Inventory:

Hand Weapons
 a - a +3 war axe of chopping
 b - a +0 hunting sling
 c - a +0 morningstar (weapon)
Missiles
 e - 1079 stones (quivered)
 v - 315 bolts
Armour
 g - a +0 shield (worn)
 m - a +0 scale mail of fire resistance (worn)
 w - a +1 helmet (worn)
 C - a +0 chain mail
Jewellery
 d - a +2 ring of slaying (right hand)
 q - an uncursed ring of protection from magic
 E - a +3 ring of evasion
 F - a +4 ring of evasion (left hand)
Wands
 p - a wand of iceblast (8)
 s - a wand of polymorph (23)
Scrolls
 i - 7 scrolls of remove curse
 k - 2 scrolls of teleportation
 l - 2 scrolls of enchant weapon
 t - 8 scrolls of identify
Potions
 h - 5 potions of curing
 o - a potion of cancellation
 r - a potion of flight
 z - a potion of lignification
 B - a potion of haste
Comestibles
 f - 3 rations {!d}


   Skills:
 * Level 8.1 Fighting
   Level 8.1 Short Blades
   Level 8.1 Long Blades
   Level 8.1 Axes
   Level 8.1 Maces & Flails
   Level 8.1 Polearms
   Level 8.1 Staves
 - Level 1.6 Slings
 + Level 9.7 Armour
 + Level 4.0 Dodging
 + Level 9.1 Shields
   Level 8.1 Unarmed Combat


You had 9 spell levels left.
You didn't know any spells.
Your spell library contained the following spells:

 Spells                   Type           Power        Failure   Level  Hunger
 Corona                   Hex            #......      83%         1    ##.....
 Ensorcelled Hibernation  Hex/Ice        #.....       93%         2    ###....
 Poisonous Vapours        Pois/Air       #.....       93%         2    ###....
 Confuse                  Hex            #.......     99%         3    ####...
 Conjure Flame            Conj/Fire      #.......     99%         3    ####...
 Dazzling Spray           Conj/Hex       #.....       99%         3    ####...
 Mephitic Cloud           Conj/Pois/Air  #.......     99%         3    ####...
 Tukima's Dance           Hex            #.......     99%         3    ####...
 Freezing Cloud           Ice/Air        #.........   100%        6    #######
 Steam Barrier            Chrm/Fire      #.........   100%        6    #######


Dungeon Overview and Level Annotations

Branches:
Dungeon (7/12)             Temple (1/1) D:6            Lair (1/6) D:7

Altars:
Ashenzari
Cheibriados
Dithmenos
Elyvilon
Fedhas
Gozag
Hepliaklqana
Kikubaaqudgha
Lugonu
Makhleb
Nemelex Xobeh
Okawaru
Qazlal
Ru
Sif Muna
Trog
Uskayaw
Vehumet
Wu Jian
Xom
Yredelemnul
Zin
The Shining One

Shops:
D:6 (


Message History

You block the five-headed hydra's attack.
The five-headed hydra bites you.
* * * LOW HITPOINT WARNING * * *
You block the five-headed hydra's attack.
The five-headed hydra bites you!
* * * LOW HITPOINT WARNING * * *
The five-headed hydra bites you but does no damage.
You sock the five-headed hydra!
The five-headed hydra is moderately wounded.
The five-headed hydra bites you!
* * * LOW HITPOINT WARNING * * *
The five-headed hydra closely misses you.
The five-headed hydra bites you but does no damage. x2
You block the five-headed hydra's attack.
You barely miss the five-headed hydra.
The five-headed hydra is moderately wounded.
You impale the five-headed hydra!!
The five-headed hydra is heavily wounded.
The five-headed hydra bites you!
You die...

#..##.# #.... ##.##.# #.###
#.##.# #.# # #.##.# #.# # #.##.#
#.# # ###### #.##.# #.# # #....#
#..#.# #.###
#....###########.#.##########....
..............).@D.))...........#
#....############..############.#
......# #........##.....### #.#
......# #)####..>.........# #.#
......# #.# #...##(....#.# #.#
......#####.# #...##.....#.# #.#
............# #...##.....#.# #.#
......####### #...########.# #.#
......# #...# #.# #.#


You could see a five-headed hydra.

Vanquished Creatures
  2 cane toads (Lair:1)
  A komodo dragon (D:7)
  Sigmund (D:3)
  A hungry ghost (D:5)
  4 yaks (D:7)
  A basilisk (Lair:1)
  A porcupine (Lair:1)
  2 ice beasts
  3 sky beasts
  A necrophage (D:5)
  An orc warrior (D:6)
  4 ogres
  A centaur (D:5)
  2 crocodiles
  3 bullfrogs
  2 scorpions (D:5)
  A water moccasin skeleton (D:5)
  6 killer bees
  4 wights (D:6)
  A howler monkey (D:4)
  3 crimson imps
  A hound (D:6)
  A centaur zombie (D:6)
  A bullfrog skeleton (D:4)
  A centaur skeleton (D:4)
  3 orc priests
  Jessica (D:3)
  An iguana (D:6)
  Ijyb (D:3)
  5 orc wizards
  A hound zombie (D:5)
  Robin (D:3)
  3 gnolls (D:2)
  8 adders
  A shadow imp (D:6)
  3 oozes
  4 adder zombies
  2 adder skeletons
  2 worms (D:2)
  2 dart slugs
  4 leopard geckos
  38 orcs
  6 bats
  2 giant cockroaches
  7 goblins
  12 hobgoblins
  4 jackals
  6 quokkas
  A ball python (D:1)
  3 frilled lizards
  4 kobolds
  A quokka skeleton (D:6)
  6 rats
181 creatures vanquished.

Vanquished Creatures (others)
  An orc priest (D:4)
  An orc wizard (D:4)
  A plant (D:7)
3 creatures vanquished.

Grand Total: 184 creatures vanquished

Notes
Turn   | Place    | Note
-------+----------+-------------------------------------------
     0 | D:1      | aidenn the Hill Orc Fighter began the quest for the Orb.
     0 | D:1      | Reached XP level 1. HP: 20/20 MP: 1/1
   200 | D:1      | Reached XP level 2. HP: 26/27 MP: 2/2
   799 | D:2      | Reached XP level 3. HP: 34/34 MP: 3/3
  1157 | D:2      | Reached XP level 4. HP: 22/41 MP: 4/4
  2163 | D:3      | Noticed Ijyb
  2175 | D:3      | Killed Ijyb
  2175 | D:3      | Reached XP level 5. HP: 43/47 MP: 5/5
  2279 | D:3      | Reached skill level 1 in Dodging
  2360 | D:3      | Noticed Jessica
  2383 | D:3      | Killed Jessica
  2644 | D:3      | Noticed Robin
  2689 | D:3      | Killed Robin
  2804 | D:3      | Noticed Sigmund
  2853 | D:3      | HP: 2/47 [Sigmund/+0 scythe (7)]
  2862 | D:3      | Killed Sigmund
  2862 | D:3      | Reached skill level 5 in Fighting
  2862 | D:3      | Reached skill level 5 in Shields
  2862 | D:3      | Reached XP level 6. HP: 10/56 MP: 6/6
  3282 | D:4      | Reached skill level 1 in Slings
  3324 | D:4      | Reached XP level 7. HP: 54/61 MP: 7/7
  3431 | D:4      | Reached skill level 5 in Armour
  3502 | D:4      | Became a worshipper of Beogh the Brigand
  4097 | D:5      | Entered Level 5 of the Dungeon
  4097 | D:5      | Noticed a hungry ghost
  4121 | D:5      | Paralysed by fainting for 5 turns
  4161 | D:5      | Killed a hungry ghost
  4322 | D:5      | Reached XP level 8. HP: 57/70 MP: 8/8
  5376 | D:6      | Found a staircase to the Ecumenical Temple.
  5388 | Temple   | Entered the Ecumenical Temple
  5924 | D:6      | Reached XP level 9. HP: 73/78 MP: 9/9
  6755 | D:6      | Reached * piety under Beogh
  7072 | D:6      | Found Famn's Antique Weapon Emporium.
  7112 | D:6      | Found a corrupted altar of Lugonu.
  7414 | D:6      | Found an iron altar of Okawaru.
  7921 | D:7      | Found a shimmering altar of Xom.
  8182 | D:7      | Reached XP level 10. HP: 36/86 MP: 10/10
  8531 | D:7      | Found a staircase to the Lair.
  9273 | Lair:1   | Entered Level 1 of the Lair of Beasts
  9359 | Lair:1   | Found a shattered altar of Ashenzari.
  9517 | Lair:1   | Noticed a cane toad
  9524 | Lair:1   | Killed a cane toad
  9670 | Lair:1   | Noticed a cane toad
  9716 | Lair:1   | Killed a cane toad
  9792 | Lair:1   | Noticed a five-headed hydra
  9801 | Lair:1   | Noticed a cane toad
 10179 | D:7      | HP: 5/132 [five-headed hydra (9)]
 10181 | D:7      | Slain by a five-headed hydra

Skill      XL: |  1  2  3  4  5  6  7  8  9 10 |
---------------+-------------------------------+-----
Shields        | 4 5 6 8 9 |  9.1
Armour         | 4 6 7 9 |  9.7
Dodging        | 1 2 3 4 |  4.0
Fighting       | 5 6 7 8 |  8.1
Slings         | 1 |  1.6
Short Blades   | |  8.1
Long Blades    | |  8.1
Axes           | |  8.1
Maces & Flails | |  8.1
Polearms       | |  8.1
Staves         | |  8.1
Unarmed Combat | |  8.1

Action                   |  1- 3 |  4- 6 |  7- 9 | 10-12 || total
-------------------------+-------+-------+-------+-------++-------
Melee: War axe           |   114 |   210 |   414 |    67 ||   805
       Unarmed           |       |     9 |       |       ||     9
       Morningstar       |       |       |       |     8 ||     8
 Fire: Hunting sling     |       |     4 |    19 |       ||    23
Invok: Convert to Beogh  |       |       |     1 |       ||     1
  Use: Potion            |       |     3 |     3 |     1 ||     7
       Scroll            |       |       |       |    12 ||    12
  Eat: Chunk             |     1 |     7 |     7 |     2 ||    17
       Ration            |       |       |     5 |     1 ||     6
Armor: Scale mail        |    39 |    95 |   180 |    28 ||   342
       Skin              |       |     1 |       |       ||     1
Dodge: Dodged            |    40 |    62 |   139 |    41 ||   282
Block: Shield            |    59 |   124 |   246 |    52 ||   481
